 Dungeon Crawl Stone Soup version 0.31-a0-983-g7b6862f502 (webtiles) character file.

Game seed: 742155342105247075

60 protoss039 the Digger (level 3, 0/26 HPs)
             Began as a Demonspawn Earth Elementalist on Nov 2, 2023.
             Slain by Terence
             ... wielding a +0 hand axe
              (3 damage)
             ... on level 2 of the Dungeon.
             The game lasted 00:03:31 (1548 turns).

protoss039 the Digger (DsEE)                        Turns: 1548, Time: 00:03:32

Health: 0/26       AC:  3    Str:  8    XL:     3   Next: 80%
Magic:  0/15       EV: 11    Int: 18    God:
Gold:   27         SH:  0    Dex: 13    Spells: 3/6 levels left

rFire   . . .        n - +0 dagger (protect)
rCold   . . .        (no shield)
rNeg    . . .        j - +0 leather armour
rPois   .            (no helmet)
rElec   .            (no cloak)
rCorr   .            (no gloves)
SInv    .            (no boots)
Will    .....        h - amulet of guardian spirit
Stlth   ++           a - ring of magical power
HPRegen 0.24/turn    (no ring)
MPRegen 0.14/turn

%: guardian spirit
@: about to teleport
A: powered by death 1, demonic magic 1
a: no special abilities


You were on level 2 of the Dungeon.
You visited 1 branch of the dungeon, and saw 2 of its levels.

You collected 27 gold pieces.

Inventory:

Hand Weapons
 n - a +0 dagger of protection (weapon)
Missiles
 d - a throwing net
Armour
 j - a +0 leather armour (worn)
Jewellery
 a - a ring of magical power (left hand)
 f - an amulet of the acrobat
 h - an amulet of guardian spirit (around neck)
Scrolls
 g - 2 scrolls of identify
 m - a scroll of blinking {unknown}
Potions
 b - a potion of magic
 c - a potion of curing {unknown}
 e - a potion of ambrosia {unknown}
 i - a potion of berserk rage {unknown}
 l - a potion of invisibility {unknown}


   Skills:
 * Level 1.0 Fighting
 * Level 0.4 Short Blades
 * Level 0.9 Armour
 + Level 2.0 Dodging
 * Level 2.1 Stealth
 + Level 2.3 Spellcasting
 + Level 1.4 Transmutations
 + Level 2.9 Earth Magic


You had 3 spell levels left.
You knew the following spells:

 Your Spells              Type           Power      Damage    Failure   Level
a - Sandblast             Erth           24%        2d8       8%          1
b - Passwall              Tmut/Erth      8%         N/A       14%         2

Your spell library contained the following spells:

 Spells                   Type           Power      Damage    Failure   Level
 Stone Arrow              Conj/Erth      14%        3d7       36%         3
 Summon Guardian Golem    Hex/Summ       2%         N/A       58%         3
 Petrify                  Tmut/Erth      10%        N/A       67%         4
 Brom's Barrelling Bould  Conj/Erth      7%         2d3       78%         4
 Fulminant Prism          Conj/Hex       1%         3d5       94%         4
 Silence                  Hex/Air        1%         N/A       100%        5
 Eringya's Noxious Bog    Tmut/Pois      2%         4d6       100%        6


Dungeon Overview and Level Annotations

Branches:
Dungeon (2/15) Zot: 10423

Altars:
Okawaru

Annotations:
D:2 Terence


Innate Abilities, Weirdness & Mutations

You regenerate a little health from kills.
Spells you cast may paralyse adjacent enemies.


Message History

Unknown command.
Casting: Sandblast (safe; 8% risk of failure)
Confirm with . or Enter, or press ? or * to list all spells.
Aiming: Sandblast (safe; 8% risk of failure)
Press: ? - help, Shift-Dir - straight line, f/p - Terence
Aim: Terence, wielding a +0 hand axe and wearing a +1 scale mail of fire resistance (84% to hit)
The blast of sand hits Terence.
Terence is lightly wounded.
Malevolent energies surge around you. Terence hits you with a +0 hand axe!
Terence barely misses you.
Unknown command.
Casting: Sandblast (safe; 8% risk of failure)
Confirm with . or Enter, or press ? or * to list all spells.
Aiming: Sandblast (safe; 8% risk of failure)
Press: ? - help, Shift-Dir - straight line, f/p - Terence
Aim: Terence, wielding a +0 hand axe and wearing a +1 scale mail of fire resistance (lightly wounded, 84% to hit)
The blast of sand hits Terence.
Terence is moderately wounded.
Malevolent energies surge around you. Terence hits you with a +0 hand axe.
* * * LOW HITPOINT WARNING * * *
Unknown command.
Casting: Sandblast (safe; 8% risk of failure)
Confirm with . or Enter, or press ? or * to list all spells.
Aiming: Sandblast (safe; 8% risk of failure)
Press: ? - help, Shift-Dir - straight line, f/p - Terence
Aim: Terence, wielding a +0 hand axe and wearing a +1 scale mail of fire resistance (moderately wounded, 84% to hit)
The blast of sand hits Terence but does no damage.
Terence is moderately wounded.
Malevolent energies surge around you. Terence misses you. x2
Unknown command.
Unknown command.
As you read the scroll labelled GONLINLIOW, it crumbles to dust.
It is a scroll of identify.
k - a scroll of teleportation Terence closely misses you.
As you read the scroll of teleportation, it crumbles to dust.
You feel strangely unstable. Terence hits you with a +0 hand axe.
* * * LOW HITPOINT WARNING * * *
Terence attacks as he pursues you! Terence hits you with a +0 hand axe.
You die...

#############
#............
#............
#............
##########...@@....<..
#............##.......
#............# ....##.
#............# )>.....
###....####### ....##.
#....# ....# #....####
..... #.......# .#####
#.......# .


You could see Terence.

Vanquished Creatures
  3 gnolls (D:2)
  An orc (D:2)
  6 endoplasms
  A giant cockroach (D:1)
  2 goblins
  3 hobgoblins
  A ball python (D:1)
  5 bats
  6 kobolds
  3 rats
31 creatures vanquished.

Notes
Turn   | Place    | Note
-------+----------+-------------------------------------------
     0 | D:1      | protoss039 the Demonspawn Earth Elementalist began the
                  | quest for the Orb.
     0 | D:1      | Reached XP level 1. HP: 13/13 MP: 3/3
   126 | D:1      | Reached skill level 1 in Transmutations
   222 | D:1      | Found a faded altar of an unknown god.
   222 | D:1      | Noticed a soul eater
   283 | D:1      | Gained mutation: You regenerate a little health from kills.
                  | [demonic ancestry]
   283 | D:1      | Reached XP level 2. HP: 19/19 MP: 1/5
  1013 | D:1      | Learned a level 2 spell: Passwall
  1079 | D:2      | Identified the "Qeetot"
  1215 | D:2      | Noticed Terence
  1302 | D:2      | Gained mutation: Spells you cast may paralyse adjacent
                  | enemies. [demonic ancestry]
  1302 | D:2      | Reached XP level 3. HP: 25/25 MP: 6/6
  1306 | D:2      | Reached skill level 1 in Fighting
  1349 | D:2      | Found an iron altar of Okawaru.
  1548 | D:2      | Slain by Terence

Illustrated notes

Levels and vault maps discovered:
D:1:      psy_arrival_basics, layout_loops_ring,
          dreamdust_ecumenical_altar_sealed_demon, minmay_distorted
D:2:      layout_basic, basic_altar, uniq_crazy_yiuf_cottage, uniq_terence,
          uniq_natasha

Skill      XL: |  1  2  3 |
---------------+----------+-----
Transmutations | 1 |  1.4
Stealth        | 2 |  2.1
Dodging        | 2 |  2.0
Fighting       | 1 |  1.0
Short Blades   | |  0.4
Armour         | |  0.9
Spellcasting   | |  2.3
Earth Magic    | |  2.9

Action                     || total
---------------------------++-------
  Melee: Unarmed           ||     4
         Dagger            ||     8
         Rapier            ||    16
         Punch             ||     1
   Cast: Sandblast         ||    53
    Use: Scroll            ||     2
   Stab: Sleeping          ||     1
         Paralysed         ||     1
 Armour: Robe              ||     6
         Leather armour    ||    27
  Dodge: Dodged            ||    30

Table legend: (Time is in decaauts)
 A = Elapsed time spent in this place.
 B = Non-inter-level travel time spent in this place.
 C = Inter-level travel time spent in this place.
 D = Time resting spent in this place.
 E = Time spent auto-exploring this place.
 F = Levels seen in this place.
 G = Mean time per level.
                   A        B        C        D        E       F      G
               +--------+--------+--------+--------+--------+-----+--------+
         Total |   1575 |   1506 |     69 |    104 |   1068 |   2 |  787.5 |
       Dungeon |   1575 |   1506 |     69 |    104 |   1068 |   2 |  787.5 |
               +--------+--------+--------+--------+--------+-----+--------+

Top non-repeatable levels by time:
     D:1: 1129 daAuts
     D:2: 446 daAuts
